 Dungeon Crawl Stone Soup version 0.27-a0-512-g57cc695410 (webtiles) character file.

Game seed: 13478341304989307794

34 lessens the Cudgeller (level 3, 0/26 HPs)
             Began as an Octopode Chaos Knight on Mar 4, 2021.
             Was a Plaything of Xom.
             Succumbed to an adder's poison
             ... on level 2 of the Dungeon.
             The game lasted 00:01:29 (1340 turns).

lessens the Cudgeller (Octopode Chaos Knight)       Turns: 1340, Time: 00:01:29

Health: 0/26       AC:  1    Str: 12    XL:     3   Next: 31%
Magic:  3/3        EV: 13    Int: 14    God:    Xom [.*....]
Gold:   95         SH:  0    Dex: 11    Spells: 2/2 levels left

rFire    . . .     SeeInvis .   a - +0 mace (chaos)
rCold    . . .     Faith    .   (no shield)
rNeg     . . .     Spirit   .   (helmet restricted)
rPois    .         Reflect  .   (no amulet)
rElec    .         Harm     .   (no ring)
rCorr    .         Rampage  .   (no ring)
Will     +....                  (no ring)
Stlth    ++........             (no ring)
HPRegen  0.08/turn              (no ring)
MPRegen  0.08/turn              (no ring)
                                (no ring)
                                (no ring)

@: lethally poisoned (0 -> -9)
A: almost no armour, stealthy swim, amphibious, 8 rings, constrict 8, camouflage
1, strong-willed 1, gelatinous body 1
a: Renounce Religion


You were on level 2 of the Dungeon.
You worshipped Xom.
You were a plaything of Xom.
You visited 1 branch of the dungeon, and saw 2 of its levels.

You collected 95 gold pieces.

Inventory:

Hand Weapons
 a - a +0 mace of chaos (weapon)
Missiles
 d - 64 stones (quivered)
 f - 6 poisoned darts
Jewellery
 h - a ring of resist corrosion
Scrolls
 b - a scroll of teleportation {unknown}
 g - a scroll of blinking {unknown}
 i - a scroll of amnesia {unknown}
Potions
 e - a potion of curing {unknown}


   Skills:
 - Level 3.0 Fighting
 + Level 4.3 Maces & Flails
 - Level 2.3 Dodging


You had 2 spell levels left.
You didn't know any spells.
Your spell library was empty.

Dungeon Overview and Level Annotations

Branches:
Dungeon (2/15)

Altars:


Innate Abilities, Weirdness & Mutations

You cannot wear most types of armour.
You are very stealthy in the water. (Stealth+)
You are amphibious.
You can wear up to eight rings at the same time.
You can use your tentacles to constrict eight enemies at once.
Your skin changes colour to match your surroundings (Stealth+).
Your rubbery body absorbs attacks. (AC +1, EV +1)
You are strong-willed. (Will+)


Message History

There is a stone staircase leading up here.
A rat is nearby!
The rat barely misses you.
You barely miss the rat. Your grab misses the rat. The rat bites you.
You closely miss the rat. You grab the rat. You squeeze the rat.
You kill the rat!
No target in view!
HP restored.
An adder comes into view.
An adder is nearby!
An adder is nearby!
Found a scroll labelled YSEAL RUILIAGE.
Found 8 datura-tipped darts.
Found a stone staircase leading down.
Found a stone staircase leading up.
The helpless adder fails to defend itself.
You hit the adder.
The adder hisses angrily.
The adder seems to grow stronger.
Xom is amused.
Your grab misses the adder.
The adder is lightly wounded.
The adder bites you.
You are poisoned.
The adder poisons you! The adder closely misses you.
You hit the adder.
The adder flickers and vanishes!
Deactivating autopickup; reactivate with Ctrl-A.
Your squeeze misses something.
You feel sick. Something bites you.
No target in view!
You miss something. Something bites you.
You are more poisoned.
Something poisons you! Something bites you.
* * * LOW HITPOINT WARNING * * *
You hit something. You freeze something. Your squeeze misses something.
* * * LOW HITPOINT WARNING * * *
You feel sick. Something bites you.
* * * LOW HITPOINT WARNING * * *
It was a potion of cancellation.
You feel magically purged.
You die...
Xom snickers!

.
................
................
..........##.#..#
................#
...........##.#.#
.................
...........##.?.
..............>.
.#...#..@..###..
#.....{....#
#.###......# #.
........#
#.#.....(#
<....#.#..#
#######.#..#
..#..#


There were no monsters in sight!

Vanquished Creatures
  2 dart slugs (D:1)
  2 giant cockroaches (D:1)
  7 goblins (D:1)
  3 hobgoblins (D:1)
  3 bats (D:1)
  A frilled lizard (D:1)
  5 kobolds (D:1)
  5 rats
28 creatures vanquished.

Notes
Turn   | Place    | Note
-------+----------+-------------------------------------------
     0 | D:1      | lessens the Octopode Chaos Knight began the quest for the
                  | Orb.
     0 | D:1      | Reached XP level 1. HP: 16/16 MP: 1/1
   215 | D:1      | XOM is BORED!
   215 | D:1      | XOM: silly message
   316 | D:1      | Reached XP level 2. HP: 21/21 MP: 2/2
   542 | D:1      | XOM: silly message
   552 | D:1      | XOM: silly message
   685 | D:1      | Reached skill level 4 in Maces & Flails
   861 | D:1      | Reached XP level 3. HP: 24/26 MP: 3/3
   912 | D:1      | XOM: give mutation
   912 | D:1      | Gained mutation: You are strong-willed. (Will+) [Xom's
                  | mischief]
  1140 | D:1      | XOM: enchant monster (bad)
  1179 | D:1      | XOM is BORED!
  1339 | D:2      | HP: 1/26 [something (6)]
  1340 | D:2      | Succumbed to an adder's poison

Illustrated notes

Levels and vault maps discovered:
D:1:      co_arrival_square_in_a_square_in_a_square, layout_basic
D:2:      layout_basic, hangedman_feature_mirror, due_unseen_surprise,
          uniq_natasha, uniq_crazy_yiuf_cottage

Skill      XL: |  1  2 |
---------------+-------+-----
Maces & Flails | 4 |  4.3
Fighting       | |  3.0
Dodging        | |  2.3

Action                   || total
-------------------------++-------
Melee: Mace              ||    59
       Constrict         ||    13
       Tentacles         ||     3
  Use: Potion            ||     1
 Stab: Sleeping          ||     5
Armor: Skin              ||     6
Dodge: Dodged            ||    31

Table legend: (Time is in decaauts)
 A = Elapsed time spent in this place.
 B = Non-inter-level travel time spent in this place.
 C = Inter-level travel time spent in this place.
 D = Time resting spent in this place.
 E = Time spent auto-exploring this place.
 F = Levels seen in this place.
 G = Mean time per level.
                   A        B        C        D        E       F      G
               +--------+--------+--------+--------+--------+-----+--------+
         Total |   1352 |   1330 |     22 |      0 |   1114 |   2 |  676.0 |
       Dungeon |   1352 |   1330 |     22 |      0 |   1114 |   2 |  676.0 |
               +--------+--------+--------+--------+--------+-----+--------+

Top non-repeatable levels by time:
     D:1: 1305 daAuts
     D:2: 47 daAuts
